NYP
VERMONT LAKE MONSTERS @ IDAHO FALLS CHUKARS
08/06/2046
 
TOP OF THE 1ST
Vermont Lake Monsters batting - Pitching for Idaho Falls Chukars : RHP Tony Jimenez
Pitching: RHP Tony Jimenez
Batting: RHB Carlos Martinez 0-0: Called Strike
0-1: Called Strike
0-2: Strikes out swinging
Batting: RHB Mario Ramos 0-0: Foul Ball, location: 2F
0-1: Ball
1-1: Foul Ball, location: 2F
1-2: Ground out 5-3 (Groundball, 56, EV 106.2 MPH)
Batting: LHB Cy Ostrowski 0-0: Foul Ball, location: 2F
0-1: Called Strike
0-2: Ball
1-2: Ball
2-2: Strikes out swinging
Top of the 1st over - 0 runs, 0 hits, 0 errors, 0 left on base; Vermont 0 - Idaho Falls 0
BOTTOM OF THE 1ST
Idaho Falls Chukars batting - Pitching for Vermont Lake Monsters : RHP Matt Constantino
Pitching: RHP Matt Constantino
Batting: RHB Tim Persson 0-0: Foul Ball, location: 2F
0-1: Ground out 4-3 (Groundball, 4, EV 90.0 MPH)
Batting: LHB Josh Dalton 0-0: SINGLE (Groundball, 4MD, EV 94.4 MPH)
Batting: RHB Edwin Ramos 0-0: Fly out, F9 (Flyball, 9S, EV 88.8 MPH)
Batting: RHB Chad Sullivan 0-0: SINGLE (Line Drive, 8RS, EV 99.4 MPH)
Josh Dalton to second
Batting: LHB Joe Cozart 0-0: Foul Ball, location: 2F
0-1: Ball
1-1: Ground out U3 (Groundball, 3L, EV 85.0 MPH)
Bottom of the 1st over - 0 runs, 2 hits, 0 errors, 2 left on base; Vermont 0 - Idaho Falls 0
TOP OF THE 2ND
Vermont Lake Monsters batting - Pitching for Idaho Falls Chukars : RHP Tony Jimenez
Batting: RHB Bastiaan Leenders 0-0: Foul Ball, location: 2F
0-1: Swinging Strike
0-2: Foul Ball, location: 2F
0-2: Ball
1-2: Foul Ball, location: 2F
1-2: Ball
2-2: Ball
3-2: Ground out 5-3 (Groundball, 56, EV 100.6 MPH)
Batting: RHB Fathi Addae 0-0: Called Strike
0-1: Ball
1-1: Ground out 6-3 (Groundball, 6, EV 102.5 MPH)
Batting: RHB Dave Vezina 0-0: Ball
1-0: Called Strike
1-1: Foul Ball, location: 2F
1-2: Ball
2-2: Ball
3-2: Foul Ball, location: 2F
3-2: Base on Balls
Batting: RHB Brian Rathbun 0-0: Ball
1-0: Swinging Strike
1-1: Foul Ball, location: 2F
1-2: Strikes out swinging
Top of the 2nd over - 0 runs, 0 hits, 0 errors, 1 left on base; Vermont 0 - Idaho Falls 0
BOTTOM OF THE 2ND
Idaho Falls Chukars batting - Pitching for Vermont Lake Monsters : RHP Matt Constantino
Batting: RHB Chance Argy 0-0: Foul Ball, location: 2F
0-1: Called Strike
0-2: Strikes out swinging
Batting: RHB Justin Goff 0-0: Ball
1-0: Foul Ball, location: 2F
1-1: Ball
2-1: Ball
3-1: Foul Ball, location: 2F
3-2: Strikes out swinging
Batting: LHB Randy Stapleton 0-0: Called Strike
0-1: Ball
1-1: Ball
2-1: SINGLE (Groundball, 34D, EV 94.4 MPH)
Batting: SHB Marcos Cortez 0-0: Ball
1-0: Fielders Choice at 2nd, 5-4 (Groundball, 5, EV 86.9 MPH)
Bottom of the 2nd over - 0 runs, 1 hit, 0 errors, 1 left on base; Vermont 0 - Idaho Falls 0
TOP OF THE 3RD
Vermont Lake Monsters batting - Pitching for Idaho Falls Chukars : RHP Tony Jimenez
Pitching: RHP Bryan Kiefer
Batting: RHB Justin Menotti 0-0: Ball
1-0: Ball
2-0: Ball
3-0: Called Strike
3-1: Called Strike
3-2: Ground out 6-3 (Groundball, 6, EV 78.1 MPH)
Batting: RHB Brian Callaghan 0-0: Ball
1-0: Called Strike
1-1: Ball
2-1: Swinging Strike
2-2: Ball
3-2: Strikes out swinging
Batting: RHB Carlos Martinez 0-0: SINGLE (Line Drive, 8RS, EV 103.1 MPH)
Batting: RHB Mario Ramos 0-0: Ball
Carlos Martinez steals 2nd base (no throw)
1-0: Ball
2-0: Foul Ball, location: 2F
2-1: Foul Ball, location: 2F
2-2: Foul Ball, location: 2F
2-2: Foul Ball, location: 2F
2-2: Hit by Pitch
Pitching: RHP Josh Rutledge
Batting: LHB Cy Ostrowski 0-0: Ball
1-0: SINGLE (Line Drive, 7LS, EV 108.8 MPH)
Carlos Martinez to third
Mario Ramos to second
Runner from 3rd tries for Home, throw by LF and OUT! 7-2
Top of the 3rd over - 0 runs, 2 hits, 0 errors, 2 left on base; Vermont 0 - Idaho Falls 0
BOTTOM OF THE 3RD
Idaho Falls Chukars batting - Pitching for Vermont Lake Monsters : RHP Matt Constantino
Batting: RHB Tim Persson 0-0: Called Strike
0-1: Ground out 6-3 (Groundball, 6, EV 106.9 MPH)
Batting: LHB Josh Dalton 0-0: Foul Ball, location: 2F
0-1: Swinging Strike
0-2: Foul Ball, location: 2F
0-2: Ball
1-2: Strikes out swinging, 2-3 out at first.
Batting: RHB Edwin Ramos 0-0: Called Strike
0-1: Foul Ball, location: 2F
0-2: Ball
1-2: Foul Ball, location: 2F
1-2: Ball
2-2: SINGLE (Groundball, 25, EV 61.9 MPH) (infield hit)
Batting: RHB Chad Sullivan 0-0: Foul Ball, location: 2F
0-1: Ball
Edwin Ramos is caught stealing 2nd base 2-4
Bottom of the 3rd over - 0 runs, 1 hit, 0 errors, 0 left on base; Vermont 0 - Idaho Falls 0
TOP OF THE 4TH
Vermont Lake Monsters batting - Pitching for Idaho Falls Chukars : RHP Josh Rutledge
Batting: RHB Bastiaan Leenders 0-0: Ball
1-0: Ball
2-0: Foul Ball, location: 2F
2-1: Ground out 5-3 (Groundball, 5, EV 83.1 MPH)
Batting: RHB Fathi Addae 0-0: Ball
1-0: Swinging Strike
1-1: Swinging Strike
1-2: Foul Ball, location: 2F
1-2: Fly out, F9 (Line Drive, 9LM, EV 109.4 MPH)
Batting: RHB Dave Vezina 0-0: Ball
1-0: Ball
2-0: Foul Ball, location: 2F
2-1: SINGLE (Groundball, 6MD, EV 93.8 MPH)
Batting: RHB Brian Rathbun 0-0: Ball
Dave Vezina steals 2nd base
1-0: Called Strike
1-1: Swinging Strike
1-2: Ball
2-2: Strikes out swinging
Top of the 4th over - 0 runs, 1 hit, 0 errors, 1 left on base; Vermont 0 - Idaho Falls 0
BOTTOM OF THE 4TH
Idaho Falls Chukars batting - Pitching for Vermont Lake Monsters : RHP Matt Constantino
Batting: RHB Chad Sullivan 0-0: Called Strike
0-1: Foul Ball, location: 2F
0-2: Foul Ball, location: 2F
0-2: Foul Ball, location: 2F
0-2: Ball
1-2: Foul Ball, location: 2F
1-2: Strikes out swinging
Batting: LHB Joe Cozart 0-0: Fly out, F3 (Line Drive, 3, EV 68.8 MPH)
Batting: RHB Chance Argy 0-0: Foul Ball, location: 2F
0-1: Foul Ball, location: 2F
0-2: Ground out 3-1 (Groundball, 34, EV 103.1 MPH)
Bottom of the 4th over - 0 runs, 0 hits, 0 errors, 0 left on base; Vermont 0 - Idaho Falls 0
TOP OF THE 5TH
Vermont Lake Monsters batting - Pitching for Idaho Falls Chukars : RHP Josh Rutledge
Pitching: RHP Mike Galvin
Batting: RHB Justin Menotti 0-0: Ball
1-0: Ball
2-0: Ball
3-0: Base on Balls
Batting: RHB Brian Callaghan 0-0: Ball
1-0: Ball
2-0: Called Strike
2-1: Ball
Justin Menotti steals 2nd base
3-1: SINGLE (Groundball, 4S, EV 71.2 MPH) (infield hit)
Justin Menotti to third
Batting: RHB Carlos Martinez 0-0: Ball
1-0: Ball
Wild Pitch!
Justin Menotti scores
Brian Callaghan to second
2-0: Ground out 4-3 (Groundball, 4, EV 84.4 MPH)
Brian Callaghan to third
Batting: RHB Mario Ramos 0-0: Squeeze Bunt to 25 - play home, runner OUT, batter safe! 5-2
Batting: LHB Cy Ostrowski 0-0: Ball
1-0: Ball
2-0: SINGLE (Groundball, 34S, EV 68.1 MPH) (infield hit)
Mario Ramos to second
Batting: RHB Bastiaan Leenders 0-0: Ball
1-0: Swinging Strike
1-1: Foul Ball, location: 2F
1-2: Strikes out swinging
Top of the 5th over - 1 run, 2 hits, 0 errors, 2 left on base; Vermont 1 - Idaho Falls 0
BOTTOM OF THE 5TH
Idaho Falls Chukars batting - Pitching for Vermont Lake Monsters : RHP Matt Constantino
Batting: RHB Justin Goff 0-0: Ball
1-0: Swinging Strike
1-1: Foul Ball, location: 2F
1-2: Strikes out swinging
Batting: LHB Randy Stapleton 0-0: Ball
1-0: Swinging Strike
1-1: Called Strike
1-2: Foul Ball, location: 2F
1-2: Strikes out looking
Batting: SHB Marcos Cortez 0-0: Called Strike
0-1: Ball
1-1: Ball
2-1: Ball
3-1: Called Strike
3-2: Strikes out swinging
Bottom of the 5th over - 0 runs, 0 hits, 0 errors, 0 left on base; Vermont 1 - Idaho Falls 0
TOP OF THE 6TH
Vermont Lake Monsters batting - Pitching for Idaho Falls Chukars : RHP Mike Galvin
Pitching: RHP Brett Essary
Batting: RHB Fathi Addae 0-0: Ball
1-0: Called Strike
1-1: Called Strike
1-2: Ground out U3 (Groundball, 34, EV 100.6 MPH)
Batting: RHB Dave Vezina 0-0: Fly out, F9 (Flyball, 9LS, EV 90.6 MPH)
Batting: RHB Brian Rathbun 0-0: Ground out 6-3 (Groundball, 6, EV 94.4 MPH)
Top of the 6th over - 0 runs, 0 hits, 0 errors, 0 left on base; Vermont 1 - Idaho Falls 0
BOTTOM OF THE 6TH
Idaho Falls Chukars batting - Pitching for Vermont Lake Monsters : RHP Matt Constantino
Batting: RHB Tim Persson 0-0: Called Strike
0-1: Ball
1-1: Ball
2-1: Foul Ball, location: 2F
2-2: Ball
3-2: Foul Ball, location: 2F
3-2: Fly out, F9 (Flyball, 89D, EV 74.4 MPH)
Batting: LHB Josh Dalton 0-0: Ball
1-0: Ball
2-0: Ball
3-0: Called Strike
3-1: Base on Balls
Batting: RHB Edwin Ramos 0-0: Called Strike
0-1: Ball
1-1: Called Strike
1-2: Ball
2-2: Fly out, F8 (Flyball, 8LM, EV 82.5 MPH)
Batting: RHB Chad Sullivan 0-0: Ball
1-0: SINGLE (Groundball, P, EV 93.1 MPH) (infield hit)
Josh Dalton to second
Batting: LHB Joe Cozart 0-0: Called Strike
0-1: Foul Ball, location: 2F
0-2: Ball
1-2: Strikes out swinging
Bottom of the 6th over - 0 runs, 1 hit, 0 errors, 2 left on base; Vermont 1 - Idaho Falls 0
TOP OF THE 7TH
Vermont Lake Monsters batting - Pitching for Idaho Falls Chukars : RHP Brett Essary
Pinch Hitting: LHB Miguel Torres 0-0: DOUBLE (Flyball, 78D, EV 91.9 MPH)
Batting: RHB Brian Callaghan 0-0: Foul Ball, location: 2F
0-1: SINGLE (Groundball, 56D, EV 98.1 MPH)
Miguel Torres to third
Runner from 3rd tries for Home, SAFE, throw by LF to home
Batting: RHB Carlos Martinez 0-0: Bunt missed!
0-1: Ball
1-1: Reached on error, E1 (Groundball, 15, EV 43.8 MPH)
Brian Callaghan to second
Batting: RHB Mario Ramos 0-0: Bunted foul
0-1: Bunted foul
0-2: Foul Ball, location: 2F
0-2: Ball
1-2: Ball
2-2: Ball
3-2: Foul Ball, location: 2F
3-2: Base on Balls
Brian Callaghan to third
Carlos Martinez to second
Pitching: RHP Kevin Tumbleson
Batting: LHB Cy Ostrowski 0-0: Called Strike
0-1: Ball
1-1: Ball
2-1: SINGLE (Line Drive, 8RS, EV 86.9 MPH)
Brian Callaghan scores
Carlos Martinez to third
Mario Ramos to second
Batting: RHB Bastiaan Leenders 0-0: Ball
1-0: Ball
2-0: Ball
3-0: Called Strike
3-1: Base on Balls
Carlos Martinez scores
Mario Ramos to third
Cy Ostrowski to second
Batting: RHB Fathi Addae 0-0: Grounds into fielders choice 4-2 (Groundball, 34S, EV 67.5 MPH)
Cy Ostrowski to third
Bastiaan Leenders to second
Batting: RHB Dave Vezina 0-0: Ball
1-0: Ball
2-0: Ball
3-0: Called Strike
3-1: Swinging Strike
3-2: Foul Ball, location: 2F
3-2: SINGLE (Groundball, 56D, EV 99.4 MPH)
Cy Ostrowski scores
Bastiaan Leenders to third
Fathi Addae to second
Runner from 3rd tries for Home, SAFE, throw by LF to home
Batting: RHB Brian Rathbun 0-0: Called Strike
0-1: DOUBLE (Line Drive, 5D, EV 105.6 MPH)
Fathi Addae scores
Dave Vezina to third
Pitching: RHP Ryan Crump
Batting: LHB Miguel Torres 0-0: Ball
1-0: Called Strike
1-1: Swinging Strike
1-2: Foul Ball, location: 2F
1-2: Strikes out swinging
Batting: RHB Brian Callaghan 0-0: SINGLE (Groundball, 6MD, EV 99.4 MPH)
Dave Vezina scores
Brian Rathbun to third
Batting: RHB Carlos Martinez 0-0: Ball
1-0: Foul Ball, location: 2F
1-1: Foul Ball, location: 2F
1-2: Foul Ball, location: 2F
1-2: Foul Ball, location: 2F
1-2: Ball
2-2: Ground out 6-3 (Groundball, 6S, EV 88.8 MPH)
Top of the 7th over - 7 runs, 6 hits, 1 error, 2 left on base; Vermont 8 - Idaho Falls 0
BOTTOM OF THE 7TH
Idaho Falls Chukars batting - Pitching for Vermont Lake Monsters : RHP Matt Constantino
Now at 3B: Manny Moron
Batting: RHB Chance Argy 0-0: Ball
1-0: Called Strike
1-1: Ball
2-1: Swinging Strike
2-2: SINGLE (Line Drive, 4D, EV 94.4 MPH)
Batting: RHB Justin Goff 0-0: Ball
1-0: Grounds into double play, 6-4-3 (Groundball, 6, EV 106.2 MPH)
Batting: LHB Randy Stapleton 0-0: Foul Ball, location: 2F
0-1: Swinging Strike
0-2: Ball
1-2: Foul Ball, location: 2F
1-2: Strikes out swinging
Bottom of the 7th over - 0 runs, 1 hit, 0 errors, 0 left on base; Vermont 8 - Idaho Falls 0
TOP OF THE 8TH
Vermont Lake Monsters batting - Pitching for Idaho Falls Chukars : RHP Ryan Crump
Batting: RHB Mario Ramos 0-0: Ball
1-0: Ball
2-0: Ball
3-0: Base on Balls
Pinch Hitting: RHB Travis Lanctot 0-0: Ball
1-0: SINGLE (Groundball, 4MD, EV 102.5 MPH)
Mario Ramos to second
Batting: RHB Bastiaan Leenders 0-0: Fly out, F7 (Flyball, 7, EV 88.1 MPH)
Batting: RHB Fathi Addae 0-0: Ball
1-0: Ball
2-0: DOUBLE (Groundball, 5L, EV 106.9 MPH)
Mario Ramos scores
Travis Lanctot to third
Runner from 3rd tries for Home, SAFE, no throw by LF
Pitching: RHP Shane Bruce
Batting: RHB Dave Vezina 0-0: Foul Ball, location: 2F
0-1: 2-RUN HOME RUN (Flyball, 7LD, EV 96.2 MPH), Distance : 358 ft
Batting: RHB Brian Rathbun 0-0: Ball
1-0: Called Strike
1-1: Ball
2-1: Ball
3-1: Base on Balls
Batting: RHB Manny Moron 0-0: Swinging Strike
0-1: Ball
1-1: Fly out, F9 (Flyball, 9LS, EV 78.8 MPH)
Batting: RHB Brian Callaghan 0-0: Ball
1-0: Hit by Pitch
Brian Rathbun to second
Batting: RHB Carlos Martinez 0-0: Called Strike
0-1: Ball
1-1: Foul Ball, location: 2F
1-2: Foul Ball, location: 2F
Balk!
Brian Rathbun to third
Brian Callaghan to second
1-2: Foul Ball, location: 2F
1-2: Ball
2-2: Foul Ball, location: 2F
2-2: Ball
Wild Pitch!
Brian Rathbun scores
Brian Callaghan to third
3-2: Fly out, F8 (Flyball, 8RD, EV 99.4 MPH)
Top of the 8th over - 5 runs, 3 hits, 0 errors, 1 left on base; Vermont 13 - Idaho Falls 0
BOTTOM OF THE 8TH
Idaho Falls Chukars batting - Pitching for Vermont Lake Monsters : RHP Matt Constantino
Now at 1B: George Marshall
Batting: SHB Marcos Cortez 0-0: Foul Ball, location: 2F
0-1: Foul Ball, location: 2F
0-2: Strikes out swinging
Batting: LHB Ernesto Abreu 0-0: Called Strike
0-1: Fly out, F7 (Flyball, 7D, EV 91.9 MPH)
Batting: LHB Josh Dalton 0-0: Hit by Pitch
Batting: RHB Edwin Ramos 0-0: Ball
1-0: Foul Ball, location: 2F
1-1: Ball
Wild Pitch!
Josh Dalton to second
2-1: Foul Ball, location: 2F
2-2: Foul Ball, location: 2F
2-2: Ball
3-2: Foul Ball, location: 2F
3-2: Strikes out swinging
Bottom of the 8th over - 0 runs, 0 hits, 0 errors, 1 left on base; Vermont 13 - Idaho Falls 0
TOP OF THE 9TH
Vermont Lake Monsters batting - Pitching for Idaho Falls Chukars : RHP Shane Bruce
Batting: RHB Mario Ramos 0-0: Ball
1-0: Ball
2-0: Called Strike
2-1: Ball
3-1: Fly out, F8 (Line Drive, 8LD, EV 98.1 MPH)
Pinch Hitting: RHB Tom Burns 0-0: Swinging Strike
0-1: Swinging Strike
0-2: Foul Ball, location: 2F
0-2: Ball
1-2: Strikes out swinging
Batting: RHB Bastiaan Leenders 0-0: Called Strike
0-1: Ball
1-1: Ball
2-1: Ball
3-1: Foul Ball, location: 2F
3-2: SINGLE (Flyball, 4MD, EV 89.4 MPH)
Batting: RHB Fathi Addae 0-0: Ball
1-0: SINGLE (Groundball, 4MS, EV 68.1 MPH) (infield hit)
Bastiaan Leenders to second
Batting: RHB Dave Vezina 0-0: Ball
1-0: Ball
2-0: Ball
Wild Pitch!
Bastiaan Leenders to third
Fathi Addae to second
3-0: Base on Balls
Pitching: RHP Timotheus Cooper
Pinch Hitting: RHB Liangde Tseng 0-0: Foul Ball, location: 2F
0-1: Foul Ball, location: 2F
0-2: Ball
1-2: Foul Ball, location: 2F
1-2: Strikes out swinging
Top of the 9th over - 0 runs, 2 hits, 0 errors, 3 left on base; Vermont 13 - Idaho Falls 0
BOTTOM OF THE 9TH
Idaho Falls Chukars batting - Pitching for Vermont Lake Monsters : RHP Matt Constantino
Pitching: RHP Cory Falcon
Now at C: Liangde Tseng
Now at 1B: Mario Cardona
Batting: RHB Chad Sullivan 0-0: Ball
1-0: Foul Ball, location: 2F
1-1: Fly out, F9 (Flyball, 9S, EV 85.0 MPH)
Pinch Hitting: SHB Sean Hill 0-0: Called Strike
0-1: Ball
1-1: Ball
2-1: Foul Ball, location: 2F
2-2: Foul Ball, location: 2F
2-2: Ground out 6-3 (Groundball, 6, EV 99.4 MPH)
Batting: RHB Chance Argy 0-0: Called Strike
0-1: Foul Ball, location: 2F
0-2: DOUBLE (Line Drive, 8LXD, EV 106.2 MPH)
Batting: RHB Justin Goff 0-0: Foul Ball, location: 2F
0-1: Ball
1-1: Ball
2-1: Ball
3-1: Base on Balls
Batting: LHB Randy Stapleton 0-0: Called Strike
0-1: Ball
1-1: Foul Ball, location: 2F
1-2: Ball
2-2: Strikes out looking
Bottom of the 9th over - 0 runs, 1 hit, 0 errors, 2 left on base; Vermont 13 - Idaho Falls 0
Tuesday, September 13th , 2022 - OOTP Baseball 23.7 Build 88